 Dungeon Crawl Stone Soup version 0.29.1-1-gd02db6906a (webtiles) character file.

Game seed: 5210342651402052365

338 Sanktem7 the Trooper (level 6, -6/58 HPs)
             Began as a Minotaur Fighter on Oct 2, 2022.
             Mangled by Menkaure (18 damage)
             ... in an ossuary.
             The game lasted 00:05:28 (3056 turns).

Sanktem7 the Trooper (Minotaur Fighter)             Turns: 3056, Time: 00:05:28

Health: -6/58      AC:  6    Str: 22    XL:     6   Next: 29%
Magic:  5/5        EV:  9    Int:  3    God:
Gold:   195        SH:  5    Dex: 16    Spells: 5/5 levels left

rFire   . . .      SeeInvis +   a - +0 war axe {axe}
rCold   . . .      Faith    .   c - +0 buckler
rNeg    . . .      Spirit   .   b - +0 scale mail
rPois   +          Reflect  .   (helmet restricted)
rElec   .          Harm     .   (no cloak)
rCorr   .          Rampage  .   (no gloves)
Will    .....                   (no boots)
Stlth   ..........              (no amulet)
HPRegen 0.19/turn               q - ring of poison resistance
MPRegen 0.09/turn               k - +6 ring of dexterity

@: marked
A: horns 2, retaliatory headbutt, see invisible, dopey 1
a: no special abilities


You were in an ossuary.
You visited 1 branch of the dungeon, and saw 4 of its levels.
You also visited: Ossuary.

You collected 195 gold pieces.


Innate Abilities, Weirdness & Mutations

You have a pair of horns on your head.
You reflexively headbutt those who attack you in melee.
You have supernaturally acute eyesight. (SInv)
You are dopey. (Int -2)


   Skills:
 * Level 6.6 Fighting
 * Level 5.9 Axes
 - Level 3.6 Armour
 - Level 3.6 Shields


You had 5 spell levels left.
You didn't know any spells.
Your spell library contained the following spells:

 Spells                   Type           Power      Damage    Failure   Level
 Beastly Appendage        Tmut           0%         N/A       91%         1
 Static Discharge         Conj/Air       0%         3-3/arc   97%         2
 Wereblood                Tmut           0%         N/A       97%         2
 Spider Form              Tmut/Pois      0%         N/A       99%         3
 Stone Arrow              Conj/Erth      0%         3d7       99%         3
 Animate Armour           Summ/Erth      0%         N/A       100%        4
 Dispel Undead            Necr           0%         3d6       100%        4
 Sticky Flame             Conj/Fire      0%         2d3       100%        4
 Lehudib's Crystal Spear  Conj/Erth      0%         10d2      100%        8

Inventory:

Hand Weapons
 a - a +0 war axe (weapon) {axe}
Missiles
 e - 21 stones (quivered) {throwing}
Armour
 b - a +0 scale mail (worn)
 c - a +0 buckler (worn)
Jewellery
 k - a +6 ring of dexterity (right hand)
   (You found it on level 1 of the Dungeon)
 q - a ring of poison resistance (left hand)
   (You found it on level 2 of the Dungeon)
Wands
 v - a wand of polymorph (10)
   (You found it on level 3 of the Dungeon)
Scrolls
 g - a scroll of acquirement {unknown}
 i - a scroll of poison {unknown}
 j - 2 scrolls of magic mapping {!r}
 l - a scroll of silence {unknown}
 m - a scroll of fear {unknown}
 n - 2 scrolls of noise {unknown}
 r - a scroll of teleportation {unknown}
 s - 2 scrolls of enchant armour {unknown}
Potions
 d - a potion of might
 f - a potion of ambrosia {unknown}
 h - 3 potions of curing {@q1}
 p - a potion of resistance {unknown}
 t - a potion of attraction {unknown}
 u - a potion of brilliance {unknown}

Dungeon Overview and Level Annotations

Branches:
Dungeon (4/15) Zot: 21422 Ossuary (1/1) Zot: 5457
 Temple: D:4-7

Altars:
Uskayaw
Vehumet

Annotations:
Ossuary Menkaure

##^.##..##..####..##..##..##
##..##..##..## ##..##..##..##
##..##..##..## ##..##..##..##
##..##..##..## ##..##..##..#
#..##..##..## ##..##..##..
..##..##..## ##..##..##.
.##..##..## ##..##..##
##..##..##############''##..##..#
#..##...........@MZ.Z... ##..##..
..##########################..##.
...............................##
#################################
.................................
#################################


You could see Menkaure, a gnoll zombie and a hobgoblin skeleton.


Message History

The mummy hits you. 😕 HP[-4]
You take 4 damage, and now have 45/58 hp.
You hit the mummy. You barely miss the mummy.
The mummy hits you but does no damage.
You slash the mummy! 😕 HP[+1]
You hit the mummy. The mummy hits you! 😮 HP[-8]
You take 8 damage, and now have 38/58 hp.
You are too injured to fight recklessly!
You are too injured to fight recklessly!
You are too injured to fight recklessly!
You are too injured to fight recklessly!
You are too injured to fight recklessly!
You are too injured to fight recklessly!
You are too injured to fight recklessly!
You are too injured to fight recklessly!
You are too injured to fight recklessly!
You are too injured to fight recklessly!
You are too injured to fight recklessly!
You are too injured to fight recklessly!
You are too injured to fight recklessly!
You are too injured to fight recklessly!
You are too injured to fight recklessly!
You are too injured to fight recklessly!
You are too injured to fight recklessly!
You hit the mummy but do no damage. You hit the mummy.
You block the mummy's attack.
You slash the mummy!
You destroy the mummy!
You hit the mummy but do no damage. You block the mummy's attack.
You slash the mummy! You headbutt the mummy. The mummy hits you!
* * * LOW HITPOINT WARNING * * *
😨 HP[-15]
You take 15 damage, and now have 23/58 hp.
MASSIVE DAMAGE!! (PAUSE)
You slash the mummy!
You destroy the mummy!
You start resting.
A kobold skeleton comes into view. 😕 HP[+29]
You regained 29 hp, and now have 52/58 hp.
The kobold skeleton hits you but does no damage. 😕 HP[+1]
You slash the kobold skeleton!
You destroy the kobold skeleton!
No target in view!
No target in view!
No target in view!
No target in view!
No target in view!
No target in view!
No target in view!
No target in view!
No target in view!
No target in view!
No target in view!
No target in view!
No target in view!
No target in view!
No target in view!
A kobold zombie comes into view. 😎 HP[+5]
Your hp is fully restored (58).
No reachable target in view!
Really walk onto that alarm trap? [Y]es or [N]o only, please.
Really walk onto that alarm trap?
Okay, then.
The kobold zombie sets off the alarm!
The alarm trap emits a blaring wail!
A sentinel's mark forms upon you.
You hear a shout!
You block the kobold zombie's attack.
You slash the kobold zombie!
You destroy the kobold zombie!
Menkaure, Prince of Dust comes into view.
Menkaure calls on the powers of darkness!
Your body is wracked with pain! 😮 HP[-28]
You take 28 damage, and now have 30/58 hp.
MASSIVE DAMAGE!! (PAUSE)
A gnoll zombie comes into view. 😮 HP[+1] Menkaure barely misses you.
You hit Menkaure but do no damage.
A hobgoblin skeleton comes into view.
Menkaure hits you!
* * * LOW HITPOINT WARNING * * *
😨 HP[-10]
You take 10 damage, and now have 21/58 hp.
You hit Menkaure. Your headbutt misses Menkaure.
Menkaure calls on the powers of darkness!
Your body is wracked with pain!
* * * LOW HITPOINT WARNING * * *
😱 HP[-9]
You take 9 damage, and now have 12/58 hp.
You barely miss Menkaure. Menkaure hits you!!
You die...

Skill      XL: |  1  2  3  4  5 |
---------------+----------------+-----
Fighting       | 4 5 6 |  6.6
Axes           | 3 4 5 |  5.9
Armour         | |  3.6
Shields        | |  3.6

Action                   |  1- 3 |  4- 6 || total
-------------------------+-------+-------++-------
Melee: War axe           |    70 |   147 ||   217
       Headbutt          |     6 |    24 ||    30
  Use: Scroll            |     2 |     1 ||     3
       Potion            |     2 |       ||     2
Armor: Scale mail        |    32 |    60 ||    92
Dodge: Dodged            |    34 |    40 ||    74
Block: Buckler           |    19 |    30 ||    49

Levels and vault maps discovered:
D:1:      erik_arrival_blinker_ship, layout_basic,
          shapermc_ecumenical_altar_petra, st_stairs_11, minivault_25,
          minmay_heptomino_h4
D:2:      layout_rooms, serial_glass, glass_columns_b, glass_columns_a
D:3:      layout_basic, nicolae_vehumet_radiance, eat_drink_and_be_merry_uskayaw
D:4:      layout_layer_cave, led_xom_imps, enter_ossuary_4,
          ebering_ghost_reflecting_pool
Ossuary:  ossuary_due_pyramid

Notes
Turn   | Place    | Note
-------+----------+-------------------------------------------
     0 | D:1      | Sanktem7 the Minotaur Fighter began the quest for the Orb.
     0 | D:1      | Reached XP level 1. HP: 19/19 MP: 0/0
     0 | D:1      | magus.rc [v1.9.6]
   261 | D:1      | You pick up a book of Armaments and begin reading...
   261 | D:1      | You add the spells Stone Arrow, Animate Armour and
                  | Lehudib's Crystal Spear to your library.
   363 | D:1      | Reached skill level 4 in Fighting
   366 | D:1      | Reached XP level 2. HP: 27/27 MP: 1/1
   367 | D:1      | Reached skill level 3 in Axes
   795 | D:1      | Found a faded altar of an unknown god.
   960 | D:2      | Reached XP level 3. HP: 32/34 MP: 2/2
  1363 | D:2      | You pick up a book of Touch and begin reading...
  1363 | D:2      | You add the spells Static Discharge, Sticky Flame and
                  | Dispel Undead to your library.
  1432 | D:2      | Reached skill level 4 in Axes
  1439 | D:2      | Gained mutation: You have an increased reservoir of magic.
                  | (+10% MP) [potion of mutation]
  1439 | D:2      | Gained mutation: You are partially covered in large bone
                  | plates. (SH +4) [potion of mutation]
  1439 | D:2      | Gained mutation: You have supernaturally acute eyesight.
                  | (SInv) [potion of mutation]
  1440 | D:2      | Lost mutation: You have an increased reservoir of magic.
                  | (+10% MP) [potion of mutation]
  1440 | D:2      | Lost mutation: You are partially covered in large bone
                  | plates. (SH +4) [potion of mutation]
  1440 | D:2      | Gained mutation: You are dopey. (Int -2) [potion of
                  | mutation]
  1622 | D:3      | Reached XP level 4. HP: 41/41 MP: 3/3
  1635 | D:3      | Reached skill level 5 in Fighting
  1635 | D:3      | Found a radiant altar of Vehumet.
  1734 | D:3      | Found a hide-covered altar of Uskayaw.
  2144 | D:3      | Reached XP level 5. HP: 48/48 MP: 4/4
  2363 | D:4      | Reached skill level 5 in Axes
  2406 | D:4      | Reached skill level 6 in Fighting
  2412 | D:4      | Reached XP level 6. HP: 43/57 MP: 5/5
  2433 | D:4      | You pick up a book of Changes and begin reading...
  2433 | D:4      | You add the spells Beastly Appendage, Wereblood and Spider
                  | Form to your library.
  2531 | D:4      | Found a sand-covered staircase.
  2539 | Ossuary  | Entered an ossuary
  3049 | Ossuary  | Noticed Menkaure
  3055 | Ossuary  | HP: 12/58 [??? (9)]
  3056 | Ossuary  | Mangled by Menkaure

Vanquished Creatures
  A scorpion (D:4)
  A hound (D:3)
  An orc priest (D:4)
  An orc wizard (D:4)
  3 mummies (Ossuary)
  6 adders
  3 worms
  2 dart slugs
  6 orcs
  5 ball pythons
  5 endoplasms
  A giant cockroach (D:1)
  2 goblins
  3 hobgoblins
  6 jackals
  3 kobolds
  2 quokkas (D:2)
  6 bats
  3 frilled lizards
  5 gnoll skeletons (Ossuary)
  4 gnoll zombies (Ossuary)
  2 goblin skeletons (Ossuary)
  4 goblin zombies (Ossuary)
  6 hobgoblin skeletons (Ossuary)
  A hobgoblin zombie (Ossuary)
  2 kobold skeletons (Ossuary)
  5 kobold zombies (Ossuary)
  5 orc skeletons (Ossuary)
  4 orc zombies (Ossuary)
  A rat (D:3)
  3 rat skeletons (Ossuary)
  6 rat zombies (Ossuary)
108 creatures vanquished.

Vanquished Creatures (others)
  3 fungi (D:1)
  3 plants (D:1)
6 creatures vanquished.

Grand Total: 114 creatures vanquished

Table legend:
 A = Non-vault XP
 B = Vault XP
 C = Vault XP percentage of total XP
 D = Non-vault monster count
 E = Vault monster count
 F = Vault count percentage of total count
                 A         B        C        D         E       F
            +---------+---------+-------+---------+---------+-------
      Total |     371 |     113 |  23.3 |      51 |      57 |  52.8
            +---------+---------+-------+---------+---------+-------
        D:1 |      16 |      12 |  42.9 |       8 |       7 |  46.7
        D:2 |      58 |       0 |   0.0 |      16 |       0 |   0.0
        D:3 |     122 |       0 |   0.0 |      16 |       0 |   0.0
        D:4 |     175 |       0 |   0.0 |      11 |       0 |   0.0
    Ossuary |       0 |     101 | 100.0 |       0 |      50 | 100.0
            +---------+---------+-------+---------+---------+-------

Illustrated notes

Table legend:
 A = Kills in this place as a percentage of kills in entire the game.
 B = Kills by you in this place as a percentage of kills by you in the entire game.
 C = Kills by friends in this place as a percentage of kills by friends in the entire game.
 D = Other kills in this place as a percentage of other kills in the entire game.
 E = Experience gained in this place as a percentage of experience gained in the entire game.
 F = Experience gained in this place divided by the number of levels of this place that you have seen.
                   A       B       C       D       E      F
               +-------+-------+-------+-------+-------+----------------------
         Total | 100.0 | 100.0 |   N/A |   N/A | 100.0 |  96.8
       Dungeon |  53.7 |  53.7 |   N/A |   N/A |  79.1 |  95.8
       Ossuary |  46.3 |  46.3 |   N/A |   N/A |  20.9 | 101.0
               +-------+-------+-------+-------+-------+----------------------

Table legend: (Time is in decaauts)
 A = Elapsed time spent in this place.
 B = Non-inter-level travel time spent in this place.
 C = Inter-level travel time spent in this place.
 D = Time resting spent in this place.
 E = Time spent auto-exploring this place.
 F = Levels seen in this place.
 G = Mean time per level.
                   A        B        C        D        E       F      G
               +--------+--------+--------+--------+--------+-----+--------+
         Total |   3119 |   2998 |    121 |    189 |   2108 |   5 |  623.8 |
       Dungeon |   2577 |   2456 |    121 |     36 |   1912 |   4 |  644.2 |
       Ossuary |    541 |    541 |      0 |    153 |    196 |   1 |  541.0 |
               +--------+--------+--------+--------+--------+-----+--------+

Top non-repeatable levels by time:
     D:1: 874 daAuts
     D:3: 847 daAuts
     D:2: 636 daAuts
 Ossuary: 541 daAuts
     D:4: 219 daAuts
